 Dungeon Crawl Stone Soup version 0.32-a0-411-g744942f433 (webtiles) character file.

Game seed: 5228234260178244561

18 dialectric the Sneak (level 2, 0/22 HPs)
             Began as a Coglin Brigand on Feb 21, 2024.
             Slain by a jackal (2 damage)
             ... on level 1 of the Dungeon.
             The game lasted 00:00:29 (225 turns).

dialectric the Sneak (Coglin Brigand)                Turns: 225, Time: 00:00:29

Health: 0/22       AC:  3    Str: 11    XL:     2   Next: 70%
Magic:  2/2        EV: 12    Int: 10    God:
Gold:   50         SH:  0    Dex: 15    Spells: 1/1 levels left

rFire   . . .        a - +2 dagger {Bozidara}
rCold   . . .        (no shield)
rNeg    . . .        b - +0 robe
rPois   .            (no helmet)
rElec   .            c - +0 cloak
rCorr   .            (no gloves)
SInv    .            (no boots)
Will    .....        (no amulet)
Stlth   ++           (no ring)
HPRegen 0.23/turn    (no ring)
MPRegen 0.08/turn

%: no passive effects
@: immotile, revved
A: off-hand wielding, slow wielding, warmup strikes, legs shutdown
a: no special abilities


You were on level 1 of the Dungeon.
You visited 1 branch of the dungeon, and saw 1 of its levels.

You collected 50 gold pieces.

Inventory:

Hand Weapons
 a - a +2 dagger (weapon) {Bozidara}
Missiles
 d - 9 poisoned darts (quivered)
 e - 3 curare-tipped darts
Armour
 b - a +0 robe (worn)
 c - a +0 cloak (worn)
Scrolls
 f - a scroll of immolation {unknown}


   Skills:
 + Level 2.2 Fighting
 * Level 2.1 Short Blades
 + Level 2.0 Throwing
 + Level 1.2 Dodging
 - Level 3.3 Stealth


You had one spell level left.
You didn't know any spells.
Your spell library was empty.

Dungeon Overview and Level Annotations

Branches:
Dungeon (1/15)

Altars:


Innate Abilities, Weirdness & Mutations

You can wield a second weapon in your off-hand.
It takes a long time for you to wield or remove held weapons.
Your first few attacks do less damage.
Attacking and casting redirects power from your legs.


Message History

The jackal misses you. The jackal barely misses you.
You cannot move.
You cannot move.
You hit the jackal but do no damage. The jackal bites you.
* * * LOW HITPOINT WARNING * * *
The jackal bites you but does no damage.
Unknown command.
You closely miss the jackal.
The jackal bites you but does no damage.
The jackal bites you.
* * * LOW HITPOINT WARNING * * *
The jackal barely misses you.
You hit the jackal.
The jackal is moderately wounded.
The jackal misses you. The jackal barely misses you.
Unknown command.
You hit the jackal.
The jackal is heavily wounded.
The jackal closely misses you. The jackal completely misses you.
The jackal bites you but does no damage.
You closely miss the jackal.
The jackal is heavily wounded.
The jackal bites you but does no damage.
The jackal barely misses you.
Unknown command.
You hit the jackal.
The jackal is almost dead.
The jackal bites you but does no damage.
The jackal misses you.
You barely miss the jackal.
The jackal is almost dead.
The jackal barely misses you. The jackal completely misses you.
The jackal barely misses you.
You miss the jackal.
The jackal is almost dead.
The jackal bites you but does no damage.
The jackal bites you.
* * * LOW HITPOINT WARNING * * *
The jackal bites you.
You die...

#.# #.....#.....#.#.#.......
### #.#
#.###.....†.#.#.#.......
>.####.#
#.##.)#.......#.#..#####
.......###.##..###.....#.#..#
##. ............#..#
###.#.#.#..###..
##....)........#
###.#.#..##...
#.....###...#.####......#
#.... #.....#
#.#.#.........#. #....
#.....# #.#.#..@h.....# #....
#####.###.#.##†.h...... .....
#.....#...........# #....
#.#####..####.....# #...) ###
#..# .....# #.... #..# .?...#
##... # ....# ##.. ....# ##.
##


You could see 2 jackals.

Vanquished Creatures
  A ball python (D:1)
  An endoplasm (D:1)
  A goblin (D:1)
  4 hobgoblins (D:1)
  2 jackals (D:1)
9 creatures vanquished.

Notes
Turn   | Place    | Note
-------+----------+-------------------------------------------
     0 | D:1      | dialectric the Coglin Brigand began the quest for the Orb.
     0 | D:1      | Reached XP level 1. HP: 16/16 MP: 1/1
    43 | D:1      | Reached skill level 1 in Dodging
   104 | D:1      | Reached XP level 2. HP: 20/22 MP: 2/2
   225 | D:1      | Slain by a jackal

Illustrated notes

Levels and vault maps discovered:
D:1:      psy_arrival_dodecagon, layout_basic, minmay_circled_x

Skill      XL: |  1  2 |
---------------+-------+-----
Dodging        | 1 |  1.2
Short Blades   | 2 |  2.1
Throwing       | 2 |  2.0
Fighting       | |  2.2
Stealth        | |  3.3

Action                     || total
---------------------------++-------
  Melee: Dagger            ||    42
   Stab: Sleeping          ||     1
 Armour: Robe              ||    35
  Dodge: Dodged            ||    46

Table legend: (Time is in decaauts)
 A = Elapsed time spent in this place.
 B = Non-inter-level travel time spent in this place.
 C = Inter-level travel time spent in this place.
 D = Time resting spent in this place.
 E = Time spent auto-exploring this place.
 F = Levels seen in this place.
 G = Mean time per level.
                   A        B        C        D        E       F      G
               +--------+--------+--------+--------+--------+-----+--------+
         Total |    220 |    220 |      0 |      0 |    145 |   1 |  220.0 |
       Dungeon |    220 |    220 |      0 |      0 |    145 |   1 |  220.0 |
               +--------+--------+--------+--------+--------+-----+--------+

Top non-repeatable levels by time:
     D:1: 220 daAuts
